 Dungeon Crawl Stone Soup version 0.26-a0-737-g4e9f4955e2 (webtiles) character file.

Game seed: 1421393483793612832

182 Forecaster the Stinger (level 5, -1/43 HPs)
             Began as a Naga Venom Mage on Nov 4, 2020.
             Splashed by a jelly's acid (7 damage)
             ... on level 3 of the Dungeon.
             The game lasted 00:10:32 (4149 turns).

Forecaster the Stinger (Naga Venom Mage)            Turns: 4149, Time: 00:10:34

Health: -1/43      AC: -1    Str: 10    XL:     5   Next: 62%
Magic:  5/9        EV: 10    Int: 16    God:
Gold:   80         SH:  0    Dex: 12    Spells: 7/10 levels left

rFire    . . .     SeeInvis +   b - +0 dagger
rCold    . . .     Faith    .   (no shield)
rNeg     . . .     Spirit   .   a - +0 robe
rPois    +         Reflect  .   (no helmet)
rElec    .         Harm     .   (no cloak)
rCorr    .         Rampage  .   (no gloves)
MR       .....                  (no barding)
Stlth    ++........             (no amulet)
HPRegen  0.14/turn              (no ring)
MPRegen  0.11/turn              (no ring)

@: corroded, very slow
A: large, see invisible, deformed body, poison resistance, slowness 2, spit
poison 1, AC +1
a: Spit Poison


You were on level 3 of the Dungeon.
You visited 1 branch of the dungeon, and saw 3 of its levels.

You collected 80 gold pieces.

Inventory:

Hand Weapons
 b - a +0 dagger (weapon)
 c - a +0 dagger
 h - a +0 dagger
Missiles
 g - 32 poisoned darts (quivered)
Armour
 a - a +0 robe (worn)
Scrolls
 d - a scroll of teleportation {unknown}
 e - 2 scrolls of identify {unknown}
 f - 2 scrolls of fog {unknown}
 j - a scroll of random uselessness {unknown}
 k - a scroll of remove curse {unknown}
Potions
 i - a potion of invisibility {unknown}
 l - a potion of curing {unknown}
 m - a potion of degeneration {unknown}
 n - a potion of ambrosia {unknown}


   Skills:
 + Level 0.4 Fighting
 + Level 0.4 Short Blades
 + Level 2.2 Dodging
 + Level 4.0 Stealth
 + Level 3.2 Spellcasting
 + Level 1.3 Transmutations
 + Level 1.1 Air Magic
 + Level 5.4 Poison Magic


You had 7 spell levels left.
You knew the following spells:

 Your Spells              Type           Power        Failure   Level
a - Sting                 Tmut/Pois      ##..         4%          1
b - Poisonous Vapours     Pois/Air       ##....       7%          2

Your spell library contained the following spells:

 Spells                   Type           Power        Failure   Level
 Olgreb's Toxic Radiance  Pois           ###.....     19%         4
 Ignite Poison            Fire/Tmut/Pois #.......     22%         3
 Mephitic Cloud           Conj/Pois/Air  #.......     22%         3


Dungeon Overview and Level Annotations

Branches:
Dungeon (3/15)

Altars:
Qazlal


Innate Abilities, Weirdness & Mutations

You cannot wear boots.
Your serpentine skin is tough. (AC +1)
You have supernaturally acute eyesight. (SInv)
Armour fits poorly on your strangely shaped body.
Your system is resistant to poisons. (rPois)
You cover ground very slowly.
You can spit poison.


Message History

The ooze barely misses you.
You hit the ooze.
You kill the ooze!
You hit the jelly.
Your hands burn!
The jelly is lightly wounded.
The jelly misses you.
You hit the jelly.
Your hands burn!
The jelly is lightly wounded.
The jelly hits you.
You are splashed with acid!
You hit the jelly. The acid corrodes you!
Your hands burn!
* * * LOW HITPOINT WARNING * * *
The jelly is moderately wounded.
The jelly misses you.
You hit the jelly.
Your hands burn!
* * * LOW HITPOINT WARNING * * *
The jelly is moderately wounded.
The jelly hits you.
* * * LOW HITPOINT WARNING * * *
You are splashed with acid!
You die...

.... ###### #...
.J÷.J.# ######## #..###
.PP.P.'##......###.....
#J#.......##..#
#@#..).))(.'..#
#.#..^.....'..#
#.#'#......'..#
#.#.#.....##..#
#.#.#....###..#
##.#########.##
##########..#
######(.(..).## .....
###........(.#####


You could see a jelly.

Vanquished Creatures
  6 adders
  4 gnolls (D:2)
  4 oozes
  2 worms
  3 dart slugs
  2 leopard geckos (D:2)
  2 ball pythons
  5 bats
  3 giant cockroaches
  9 goblins
  4 hobgoblins
  3 jackals (D:1)
  11 kobolds
  2 frilled lizards
  3 rats
63 creatures vanquished.

Vanquished Creatures (others)
  4 fungi (D:3)
  6 toadstools (D:3)
10 creatures vanquished.

Grand Total: 73 creatures vanquished

Notes
Turn   | Place    | Note
-------+----------+-------------------------------------------
     0 | D:1      | Forecaster the Naga Venom Mage began the quest for the Orb.
     0 | D:1      | Reached XP level 1. HP: 15/15 MP: 3/3
   257 | D:1      | Reached XP level 2. HP: 22/22 MP: 3/5
   261 | D:1      | Learned a level 2 spell: Poisonous Vapours
   953 | D:1      | Reached XP level 3. HP: 14/28 MP: 0/6
  1736 | D:2      | Found a stormy altar of Qazlal.
  1736 | D:2      | Noticed a water elemental
  1738 | D:2      | Noticed a fire elemental
  1787 | D:2      | Reached XP level 4. HP: 37/37 MP: 2/7
  2141 | D:2      | Reached skill level 5 in Poison Magic
  2867 | D:2      | Reached XP level 5. HP: 24/43 MP: 5/9
  3139 | D:2      | Reached skill level 1 in Air Magic
  3597 | D:2      | Noticed an air elemental
  4149 | D:3      | Splashed by a jelly's acid

Illustrated notes

Levels and vault maps discovered:
D:1:      giann_wishing_wells, layout_basic, minmay_misc_feat_diagonals,
          grunt_decor_arrowhead
D:2:      layout_basic, nicolae_qazlal_style_of_elements
D:3:      cheibrodos_fertilizer, layout_basic

Skill      XL: |  1  2  3  4  5 |
---------------+----------------+-----
Dodging        | 2 |  2.2
Poison Magic   | 5 |  5.4
Spellcasting   | 3 |  3.2
Stealth        | 4 |  4.0
Air Magic      | 1 |  1.1
Fighting       | |  0.4
Short Blades   | |  0.4
Transmutations | |  1.3

Action                   |  1- 3 |  4- 6 || total
-------------------------+-------+-------++-------
Melee: Dagger            |    32 |   133 ||   165
 Cast: Sting             |    11 |     1 ||    12
       Poisonous Vapours |    28 |    43 ||    71
  Use: Potion            |       |     1 ||     1
Armor: Robe              |     4 |    11 ||    15
       Skin              |       |    52 ||    52
Dodge: Dodged            |    14 |    48 ||    62

Table legend: (Time is in decaauts)
 A = Elapsed time spent in this place.
 B = Non-inter-level travel time spent in this place.
 C = Inter-level travel time spent in this place.
 D = Time resting spent in this place.
 E = Time spent auto-exploring this place.
 F = Levels seen in this place.
 G = Mean time per level.
                   A        B        C        D        E       F      G
               +--------+--------+--------+--------+--------+-----+--------+
         Total |   4853 |   4711 |    142 |   1024 |   3116 |   3 | 1617.7 |
       Dungeon |   4853 |   4711 |    142 |   1024 |   3116 |   3 | 1617.7 |
               +--------+--------+--------+--------+--------+-----+--------+

Top non-repeatable levels by time:
     D:2: 2626 daAuts
     D:1: 1658 daAuts
     D:3: 568 daAuts
